 Dungeon Crawl Stone Soup version 0.27.1-37-g7b29ead8ac (webtiles) character file.

Game seed: 17778577959931887246

6867 cbfl8 the Cleaver (level 10, 0/85 (86) HPs)
             Began as a Minotaur Fighter on May 3, 2023.
             Was a Follower of Yredelemnul.
             Slain by a vampire (6 damage)
             ... on level 10 of the Dungeon.
             The game lasted 00:15:58 (10712 turns).

cbfl8 the Cleaver (Minotaur Fighter)               Turns: 10712, Time: 00:15:58

HP:   0/85 (86)     AC: 18    Str: 21    XL:     10   Next: 78%
MP:   10/10         EV:  6    Int:  5    God:    Yredelemnul [*.....]
Gold: 601           SH:  0    Dex: 13    Spells: 9/9 levels left

rFire    . . .     SeeInvis .   a - +0 war axe
rCold    . . .     Faith    .   c - +0 kite shield
rNeg     . . .     Spirit   .   D - +0 plate armour
rPois    .         Reflect  .   (helmet restricted)
rElec    .         Harm     .   f - +0 cloak
rCorr    .         Rampage  .   l - +0 pair of gloves
Will     .....                  h - +0 pair of boots
Stlth    ..........             w - amulet of regeneration
HPRegen  1.24/turn              (no ring)
MPRegen  0.12/turn              (no ring)

@: confused, lightly drained
A: horns 2, retaliatory headbutt
a: Renounce Religion, Animate Remains


You were on level 10 of the Dungeon.
You worshipped Yredelemnul.
Yredelemnul was aware of your devotion.
You visited 2 branches of the dungeon, and saw 11 of its levels.

You collected 625 gold pieces.
You spent 24 gold pieces at shops.

Inventory:

Hand Weapons
 a - a +0 war axe (weapon)
 j - a +0 hand axe of flaming
Armour
 c - a +0 kite shield (worn)
 f - a +0 cloak (worn)
 h - a +0 pair of boots (worn)
 l - a +0 pair of gloves (worn)
 D - a +0 plate armour (worn)
Jewellery
 w - an amulet of regeneration (around neck)
Wands
 t - a wand of digging (10)
Scrolls
 b - 6 scrolls of fog
 e - a scroll of enchant weapon
 i - 4 scrolls of fear
 k - 2 scrolls of enchant armour
 m - a scroll of brand weapon {unknown}
 n - a scroll of teleportation
 o - a scroll of blinking
 q - a scroll of summoning {unknown}
 y - a scroll of noise {unknown}
 B - a scroll of magic mapping {unknown}
 E - a scroll of holy word {unknown}
Potions
 d - 2 potions of curing {unknown}
 g - 2 potions of berserk rage {unknown}
 p - a potion of resistance {unknown}
 r - 3 potions of flight {unknown}
 s - 2 potions of degeneration {unknown}
 u - 4 potions of heal wounds
 x - 2 potions of brilliance {unknown}
 z - a potion of lignification {unknown}
 C - a potion of attraction {unknown}


   Skills:
 + Level 7.5 Fighting
 + Level 11.4 Axes
 + Level 8.6 Armour
 + Level 2.3 Dodging
 + Level 1.0 Stealth
 + Level 8.7 Shields
 + Level 1.8 Invocations
 * Level 6.8 Evocations


You had 9 spell levels left.
You didn't know any spells.
Your spell library contained the following spells:

 Spells                   Type           Power      Damage    Failure   Level
 Sting                    Tmut/Pois      0%         1d3       100%        1
 Summon Small Mammal      Summ           0%         N/A       100%        1
 Poisonous Vapours        Pois/Air       0%         N/A       100%        2
 Call Canine Familiar     Summ           0%         N/A       100%        3
 Summon Guardian Golem    Hex/Summ       0%         N/A       100%        3
 Tukima's Dance           Hex            0%         N/A       100%        3
 Olgreb's Toxic Radiance  Pois           0%         N/A       100%        4
 Passage of Golubria      Tloc           N/A        N/A       100%        4
 Yara's Violent Unravell  Hex/Tmut       0%         3d3       100%        5


Dungeon Overview and Level Annotations

Branches:
Dungeon (10/15)            Temple (1/1) D:5
   Lair: D:8-11         Orc: D:9-12

Altars:
Ashenzari
Cheibriados
Dithmenos
Elyvilon
Fedhas
Gozag
Hepliaklqana
Kikubaaqudgha
Makhleb
Nemelex Xobeh
Okawaru
Qazlal
Ru
Sif Muna
Trog
Uskayaw
Vehumet
Wu Jian
Xom
Yredelemnul
Zin
The Shining One
Beogh

Shops:
D:1 *   D:5 :

Annotations:
D:10 Snorg


Innate Abilities, Weirdness & Mutations

You have a pair of horns on your head.
You reflexively headbutt those who attack you in melee.


Message History

You can no longer recall your undead slaves.
You can no longer mirror injuries on your foes.
Something bites you but does no damage.
You hit something. Your headbutt misses something. Something hits you.
* * * LOW HITPOINT WARNING * * *
Something bites you but does no damage.
You closely miss something. Your headbutt misses something.
Something hits you but does no damage. Something bites you.
* * * LOW HITPOINT WARNING * * *
Something draws strength from your injuries!
You closely miss something.
You hear some strange, mumbled words.
You are confused.
Something draws life force from you.
* * * LOW HITPOINT WARNING * * *
Something hits you but does no damage. Something bites you.
* * * LOW HITPOINT WARNING * * *
Something draws strength from your injuries!
Something hits you but does no damage. Something bites you but does no damage.
You closely miss something.
You feel less confused. Something hits you but does no damage.
Something bites you.
* * * LOW HITPOINT WARNING * * *
Something draws strength from your injuries!
You hit something but do no damage. Your headbutt misses something.
Your dark mirror aura disappears.
Something hits you but does no damage. Something bites you.
* * * LOW HITPOINT WARNING * * *
Something draws strength from your injuries!
You miss something. You headbutt something.
You hear some strange, mumbled words.
Something tries to affect you, but you resist.
You hit something.
You hear some strange, mumbled words.
You are confused.
You're too confused to move!
A vampire appears from thin air!
Reactivating autopickup.
The vampire hits you.
You die...
Your body rises from the dead as a mindless zombie.

...............#
...............#
...............#
...............#
...............#
#............#
#............#
#.....V......#
#......@.....#
#....<.......#
#......###+###
#......#
#......#
#......#
#......#
#......#
#......#


You could see a vampire.

Vanquished Creatures
  A deep elf pyromancer (D:8)
  Maggie (D:9)
  2 trolls
  Grinder (D:3)
  A slime creature (D:8)
  2 wyverns
  A wraith (D:8)
  A yak (D:8)
  A basilisk (D:8)
  Menkaure (D:5)
  2 vampire mosquitoes (D:8)
  An acid dragon (D:9)
  2 water moccasins
  5 orc warriors
  2 sky beasts
  A black bear (D:3)
  4 ice beasts
  2 necrophages (D:6)
  2 ogres (D:6)
  A centaur (D:7)
  A kobold brigand (D:9)
  A bullfrog (D:6)
  A gnoll sergeant (D:4)
  4 scorpions
  2 wyvern zombies
  A water moccasin zombie (D:5)
  A wyvern skeleton (D:7)
  4 killer bees
  2 wights
  A bullfrog zombie (D:6)
  2 hounds
  A human zombie (D:6)
  3 jellies
  6 centaur zombies
  5 orc priests
  2 centaur skeletons
  8 orc wizards
  6 iguanas
  2 killer bee zombies
  2 mummies (D:6)
  A hound skeleton (D:2)
  5 gnolls
  A howler monkey skeleton (D:6)
  9 adders
  2 ufetubi (D:6)
  A worm (D:2)
  2 dart slugs
  41 orcs
  10 ball pythons
  7 bats
  7 endoplasms
  2 goblins
  3 hobgoblins
  7 jackals
  8 kobolds
  3 quokkas
  5 frilled lizards
  4 rats
207 creatures vanquished.

Vanquished Creatures (collateral kills)
  A troll (D:8)
  An orc warrior (D:8)
2 creatures vanquished.

Vanquished Creatures (others)
  A basilisk zombie (D:8)
  2 killer bee zombies
  2 orc skeletons (D:8)
  4 orc zombies (D:9)
  A troll skeleton (D:8)
  12 plants (D:8)
22 creatures vanquished.

Grand Total: 231 creatures vanquished

Notes
Turn   | Place    | Note
-------+----------+-------------------------------------------
     0 | D:1      | cbfl8 the Minotaur Fighter began the quest for the Orb.
     0 | D:1      | Reached XP level 1. HP: 19/19 MP: 0/0
   389 | D:1      | Reached XP level 2. HP: 27/27 MP: 1/1
   915 | D:1      | Found Luymitij's General Store.
   921 | D:1      | Bought a scroll of identify for 24 gold pieces
  1099 | D:2      | Reached XP level 3. HP: 33/33 MP: 2/2
  1394 | D:2      | Reached skill level 1 in Evocations
  1577 | D:2      | Found a radiant altar of Vehumet.
  1584 | D:2      | Reached skill level 3 in Axes
  1599 | D:2      | Reached XP level 4. HP: 33/40 MP: 3/3
  2274 | D:3      | Noticed Grinder
  2278 | D:3      | Killed Grinder
  2279 | D:3      | Reached skill level 4 in Axes
  2279 | D:3      | Reached XP level 5. HP: 4/46 MP: 4/4
  2279 | D:3      | Reached XP level 6. HP: 5/52 MP: 5/5
  2860 | D:3      | Found a faded altar of an unknown god.
  2878 | D:3      | Reached skill level 1 in Stealth
  3091 | D:3      | Reached skill level 5 in Axes
  3091 | D:3      | Reached skill level 5 in Armour
  3091 | D:3      | Reached skill level 5 in Shields
  3426 | D:4      | Reached skill level 1 in Dodging
  3523 | D:4      | Reached XP level 7. HP: 41/60 MP: 6/6
  4124 | D:5      | Entered Level 5 of the Dungeon
  4143 | D:5      | Reached skill level 6 in Axes
  4477 | D:5      | Found a staircase to the Ecumenical Temple.
  4567 | D:5      | Noticed Menkaure
  4843 | D:6      | Reached skill level 5 in Fighting
  4843 | D:6      | Reached XP level 8. HP: 48/68 MP: 7/7
  5066 | D:5      | Killed Menkaure
  5291 | D:5      | Found Civag's Book Shoppe.
  5845 | Temple   | Entered the Ecumenical Temple
  6352 | D:6      | Reached skill level 7 in Axes
  6647 | D:6      | Reached skill level 8 in Axes
  6871 | D:6      | Reached XP level 9. HP: 75/75 MP: 8/8
  7335 | D:6      | Reached skill level 5 in Evocations
  7345 | D:6      | Reached skill level 9 in Axes
  7353 | D:6      | Found a basalt altar of Yredelemnul.
  7360 | D:6      | Became a worshipper of Yredelemnul the Dark
  8386 | D:7      | Identified the +0 ring mail of Death Resistance {rF- Regen+
                  | rCorr}
  8897 | D:9      | Reached skill level 10 in Axes
  8953 | D:8      | Noticed a troll
  8962 | D:8      | Killed a troll
  8963 | D:8      | Reached XP level 10. HP: 70/84 MP: 9/9
  9195 | D:8      | Reached * piety under Yredelemnul
  9209 | D:8      | Noticed a deep elf pyromancer
  9220 | D:8      | Killed a deep elf pyromancer
  9598 | D:8      | Reached skill level 1 in Invocations
  9675 | D:8      | Reached skill level 11 in Axes
 10274 | D:9      | Noticed Maggie
 10278 | D:9      | Noticed a boulder beetle
 10290 | D:9      | Killed Maggie
 10630 | D:10     | Entered Level 10 of the Dungeon
 10634 | D:10     | Reached ** piety under Yredelemnul
 10647 | D:10     | Noticed Snorg
 10709 | D:10     | HP: 2/85 [something (5)]
 10712 | D:10     | Slain by a vampire

Illustrated notes

Levels and vault maps discovered:
D:1:      psy_arrival_radial01, layout_loops_cross, serial_shops, shop
D:2:      layout_loops_corners, basic_altar, minmay_stone_trees_medium
D:3:      layout_loops_ring, shapermc_ecumenical_altar_flowoftime, st_stairs_10,
          kennysheep_generic_room_15, uniq_grinder
D:4:      layout_rooms
D:5:      layout_basic, minmay_temple_entry_stoned_glass,
          kennysheep_small_circle, uniq_menkaure
D:6:      layout_cave_pods, lemuel_mausoleum_altar_yredelemnul,
          kennysheep_minor_cross, kennysheep_generic_room_5
D:7:      layout_loops_ring, grunt_decor_junction
D:8:      layout_rooms, special_room [special_room_orc], minmay_shattered_shrine
D:9:      layout_rooms, hangedman_corner_corridor, uniq_maggie
D:10:     layout_gridville, erik_orc_4, enter_bailey_6, roderic_batcave,
          minivault_28, uniq_snorg
Temple:   nicolae_temple_the_god_donut

Skill      XL: |  1  2  3  4  5  6  7  8  9 10 |
---------------+-------------------------------+-----
Shields        | 4 5 6 7 8 |  8.7
Armour         | 4 5 6 7 8 |  8.6
Fighting       | 4 5 6 7 |  7.5
Evocations     | 1 2 3 4 6 |  6.8
Axes           | 3 4 5 6 8 10 11 | 11.4
Stealth        | 1 |  1.0
Dodging        | 1 2 |  2.3
Invocations    | 1 |  1.8

Action                   |  1- 3 |  4- 6 |  7- 9 | 10-12 || total
-------------------------+-------+-------+-------+-------++-------
Melee: War axe           |    96 |   100 |   380 |   204 ||   780
       Headbutt          |    14 |    16 |    89 |    51 ||   170
Invok: Animate Remains   |       |       |       |    18 ||    18
       Injury Mirror     |       |       |       |     1 ||     1
Evoke: Wand              |       |       |       |     7 ||     7
  Use: Scroll            |       |     3 |     5 |     5 ||    13
       Potion            |       |     1 |       |     2 ||     3
Armor: Scale mail        |    23 |       |       |       ||    23
       Chain mail        |    27 |    68 |   219 |       ||   314
       Plate armour      |       |       |     8 |   123 ||   131
Dodge: Dodged            |    27 |    26 |   103 |    32 ||   188
Block: Kite shield       |    56 |    61 |   219 |   116 ||   452
